 Dungeon Sprint DCSS version 0.25-a0-420-g1cc7eeb0d1 (webtiles) character file.

Game seed: 14605116203181361867, levelgen mode: deterministic

65 Baz the Gusty (level 4, -3/24 HPs)
             Began as a Tengu Air Elementalist on Jan 18, 2020.
             Was an Initiate of Vehumet.
             Slain by a yak (14 damage)
             ... in the Dungeon (Sprint IX: "|||||||||||||||||||||||||||||").
             The game lasted 00:01:28 (576 turns).

Baz the Gusty (Tengu Air Elementalist)               Turns: 576, Time: 00:01:29

Health: -3/24      AC:  3    Str:  8    XL:     4   Next: 13%
Magic:  8/11       EV: 12    Int: 17    God:    Vehumet [......]
Gold:   0          SH:  0    Dex: 14    Spells: 3/11 levels left

rFire    . . .     SeeInvis .   n - +2 rapier (venom)
rCold    . . .     Gourm    .   (no shield)
rNeg     . . .     Faith    .   a - +0 robe
rPois    .         Spirit   .   (helmet restricted)
rElec    .         Reflect  .   l - +0 cloak
rCorr    .         Harm     .   (no gloves)
MR       .....     NoTele   +   (boots unavailable)
Stlth    ++........             (no amulet)
HPRegen  0.08/turn              (no ring)
MPRegen  0.12/turn              (no ring)

@: very slightly contaminated, invisible
A: beak, talons 3
a: Renounce Religion


You were in the Dungeon.
You worshipped Vehumet.
Vehumet was noncommittal.
You were not hungry.

You visited 1 branch

Inventory:

Hand Weapons
 n - a +2 rapier of venom (weapon)
Armour
 a - a +0 robe (worn)
 l - a +0 cloak (worn)
Magical Staves
 m - an uncursed staff of energy
Jewellery
 o - a +3 ring of intelligence
 p - a +2 ring of evasion
Wands
 k - a wand of iceblast (10)
Scrolls
 f - 3 scrolls of remove curse
 i - 2 scrolls of blinking
 j - 2 scrolls of amnesia
Potions
 d - 5 potions of curing
 e - 3 potions of heal wounds
 g - 3 potions of magic
 h - a potion of berserk rage
Comestibles
 c - a ration


   Skills:
 - Level 2.1 Dodging
 - Level 2.0 Stealth
 + Level 4.4 Spellcasting
 + Level 5.8 Conjurations
 + Level 7.0 Air Magic


You had 3 spell levels left.
You knew the following spells:

 Your Spells              Type           Power        Failure   Level  Hunger
a - Shock                 Conj/Air       ####         1%          1    None
b - Static Discharge      Conj/Air       ####....     3%          3    ###....
c - Airstrike             Air            ####......   9%          4    ####...

Your spell library contained the following spells:

 Spells                   Type           Power        Failure   Level  Hunger
 Swiftness                Chrm/Air       ###.....     5%          2    ##.....
 Lightning Bolt           Conj/Air       ####......   30%         5    ######.


Dungeon Overview and Level Annotations

Branches:
Dungeon (1/1)

Altars:
Cheibriados
Dithmenos
Elyvilon
Fedhas
Gozag
Hepliaklqana
Kikubaaqudgha
Makhleb
Nemelex Xobeh
Okawaru
Qazlal
Ru
Sif Muna
Trog
Uskayaw
Vehumet
Wu Jian
Xom
Yredelemnul
Zin
The Shining One
Beogh
Jiyva
Lugonu


Innate Abilities, Weirdness & Mutations

You have a beak for a mouth.
You have claws for feet.


Message History

You see here a +0 plate armour.
You open the door.
A crocodile, a yak, a black bear, 2 orc warriors and a shadow imp come into view.
The orc warrior shouts!
The shadow imp shouts!
The black bear growls angrily.
The orc warrior shouts!
The yak bellows!
The shadow imp grins evilly.
You fade into invisibility!
The yak gores you!
You are very lightly contaminated with residual magic.
Unknown command.
Unknown command.
You see here a +0 plate armour.
Casting: Shock (safe; 1% risk of failure)
Confirm with . or Enter, or press ? or * to list all spells.
The yak is struck by an arc of lightning.
The yak is lightly wounded.
You are struck by an arc of lightning.
The lightning grounds out.
The yak gores you!
Ouch! That really hurt!
You die...

▓5▓
▓.▓
▓o▓
▓.▓
▓h▓
▓.▓
▓t▓
▓Y▓
▓@▓
▓[▓
▓)▓
▓.▓
▓.▓
▓.▓
▓'▓
▓_▓
▓_▓


You could see a yak, an orc warrior, a crocodile and a black bear.

Vanquished Creatures
  2 worker ants (D)
  A shadow imp (D)
  A dart slug (D)
  2 hobgoblins (D)
  A quokka (D)
  A kobold (D)
  2 rats (D)
10 creatures vanquished.

Vanquished Creatures (others)
  A spatial maelstrom (D)
1 creature vanquished.

Grand Total: 11 creatures vanquished

Notes
Turn   | Place    | Note
-------+----------+-------------------------------------------
     0 | D        | Baz the Tengu Air Elementalist began the quest for the Orb.
     0 | D        | Reached XP level 1. HP: 10/10 MP: 4/4
    16 | D        | Banished a spatial maelstrom
   163 | D        | Noticed a worker ant
   163 | D        | Noticed a worker ant
   167 | D        | Reached skill level 5 in Air Magic
   167 | D        | Reached XP level 2. HP: 15/15 MP: 1/6
   172 | D        | Reached skill level 6 in Air Magic
   172 | D        | Reached XP level 3. HP: 14/19 MP: 3/9
   174 | D        | Reached skill level 5 in Conjurations
   188 | D        | Reached skill level 7 in Air Magic
   188 | D        | Reached XP level 4. HP: 9/24 MP: 0/11
   488 | D        | Found a roughly hewn altar of Beogh.
   488 | D        | Found a snail-covered altar of Cheibriados.
   488 | D        | Found a shadowy altar of Dithmenos.
   488 | D        | Found a white marble altar of Elyvilon.
   488 | D        | Found a blossoming altar of Fedhas.
   488 | D        | Found an opulent altar of Gozag.
   489 | D        | Found a hazy altar of Hepliaklqana.
   490 | D        | Found a viscous altar of Jiyva.
   491 | D        | Found an ancient bone altar of Kikubaaqudgha.
   492 | D        | Found a corrupted altar of Lugonu.
   497 | D        | Learned a level 3 spell: Static Discharge
   497 | D        | Found a burning altar of Makhleb.
   498 | D        | Found a sparkling altar of Nemelex Xobeh.
   499 | D        | Found an iron altar of Okawaru.
   500 | D        | Found a stormy altar of Qazlal.
   501 | D        | Found a sacrificial altar of Ru.
   502 | D        | Found a shimmering blue altar of Sif Muna.
   503 | D        | Found a bloodstained altar of Trog.
   504 | D        | Found a hide-covered altar of Uskayaw.
   505 | D        | Found a radiant altar of Vehumet.
   506 | D        | Found an ornate altar of the Wu Jian Council.
   507 | D        | Found a shimmering altar of Xom.
   508 | D        | Found a basalt altar of Yredelemnul.
   509 | D        | Found a glowing silver altar of Zin.
   510 | D        | Found a glowing golden altar of the Shining One.
   515 | D        | Became a worshipper of Vehumet
   567 | D        | Learned a level 4 spell: Airstrike
   571 | D        | Noticed an orc warrior
   571 | D        | Noticed an orc warrior
   571 | D        | Noticed a black bear
   571 | D        | Noticed a crocodile
   571 | D        | Noticed a yak
   576 | D        | Slain by a yak

Levels and vault maps discovered:
D:        linesprint [early_d, line_temple, items_1, d_10, items_2, lair_1,
          lair_end, items_3, orc_1, orc_end, items_4, d_15, swamp_1, shoals_1,
          snake_1, spider_1, d_20, vaults_1, items_5, swamp_end, shoals_end,
          snake_end, spider_end, vaults_end, d_27, items_6, zot_1, zot_end,
          crypt_end, forest_end, elf_end, slime_end, tomb_end, abyss_end,
          pan_hell_end]

Skill      XL: |  1  2  3 |
---------------+----------+-----
Conjurations   | 3 4 5 |  5.8
Air Magic      | 5 6 7 |  7.0
Spellcasting   | 3 4 |  4.4
Dodging        | |  2.1
Stealth        | |  2.0

Action                   |  1- 3 |  4- 6 || total
-------------------------+-------+-------++-------
Melee: Unarmed           |    15 |       ||    15
       Kick              |     6 |       ||     6
       Peck              |     1 |       ||     1
 Cast: Shock             |    15 |       ||    15
       Static Discharge  |       |     1 ||     1
  Use: Potion            |     2 |     1 ||     3
Armor: Robe              |     2 |       ||     2
Dodge: Dodged            |    11 |       ||    11

Table legend:
 A = Non-vault XP
 B = Vault XP
 C = Vault XP percentage of total XP
 D = Non-vault monster count
 E = Vault monster count
 F = Vault count percentage of total count
                 A         B        C        D         E       F
            +---------+---------+-------+---------+---------+-------
      Total |       0 |      93 | 100.0 |       0 |      10 | 100.0
            +---------+---------+-------+---------+---------+-------
          D |       0 |      93 | 100.0 |       0 |      10 | 100.0
            +---------+---------+-------+---------+---------+-------
